 Dungeon Crawl Stone Soup version 0.18-a0-1637-g109f206 (webtiles) character file.

8 4thArraOfDagon the Vexing (level 2, 0/22 HPs)
             Began as a Formicid Arcane Marksman on Mar 26, 2016.
             Succumbed to a centaur's poison
             ... on level 8 of the Dungeon.
             The game lasted 00:01:24 (252 turns).

4thArraOfDagon the Vexing (Formicid Arcane Marksman) Turns: 252, Time: 00:01:25

Health: 0/22       AC:  5    Str: 15    XL:     2   Next: 15%
Magic:  3/3        EV: 11    Int: 12    God:
Gold:   44         SH:  0    Dex: 10    Spells: 1 memorised, 2 levels left

rFire  . . .     SeeInvis +     (no weapon)
rCold  . . .     Gourm    .     h - +0 ring mail
rNeg   . . .     Faith    .     (no shield)
rPois  .         Spirit   .     (helmet unavailable)
rElec  .         Dismiss  .     (no cloak)
rCorr  .         Reflect  .     (no gloves)
SustAt .         Harm     .     (no boots)
MR     .....                    (no amulet)
Stlth  ..........               (no ring)
                                (no ring)

@: lethally poisoned (0 -> -20), not resistant to hostile enchantments,
extremely unstealthy
A: permanent stasis, dig shafts and tunnels, four strong arms, antennae 3
a: Dig, Shaft Self


You were on level 8 of the Dungeon.
You were not hungry.

You visited 1 branch of the dungeon, and saw 6 of its levels.

You collected 44 gold pieces.

Inventory:

Missiles
 d - a throwing net
 e - 5 javelins (quivered)
Armour
 h - a +0 ring mail (worn)
Wands
 g - a wand of flame (14/48)
Scrolls
 i - 2 scrolls of remove curse
 j - a scroll of identify {unknown}
Books
 a - a book of Envenomations

   Spells                             Type                      Level
   a - Spider Form                    Transmutation/Poison         3
   b - Olgreb's Toxic Radiance        Poison                       4
   c - Alistair's Intoxication        Transmutation/Poison         5
   d - Poisonous Cloud                Conjuration/Poison/Air       6
 b - a book of Debilitation

   Spells                             Type                      Level
   a - Corona                         Hexes                        1
   b - Slow                           Hexes                        2
   c - Gell's Gravitas                Hexes/Translocation          3
   d - Inner Flame                    Hexes/Fire                   3
   e - Cause Fear                     Hexes                        4
   f - Leda's Liquefaction            Hexes/Earth                  4
Comestibles
 c - a meat ration
 f - a bread ration


   Skills:
 + Level 1.7 Fighting
 - Level 2.0 Throwing
 + Level 2.1 Dodging
 - Level 1.1 Spellcasting
 - Level 3.6 Hexes


You had 2 spell levels left.
You knew the following spells:

 Your Spells              Type           Power        Failure   Level  Hunger
a - Corona                Hex            #......      17%         1    ##.....


Dungeon Overview and Level Annotations

Branches:
Dungeon (5/15)
 Temple: D:4-7

Altars:


Innate Abilities, Weirdness & Mutations

You are under a permanent stasis effect.
You can dig through walls and to a lower floor.
Your four strong arms can wield two-handed weapons with a shield.
You have a pair of large antennae on your head (SInv).


Message History

You now have 44 gold pieces (gained 6).
Found a stone staircase leading up.
j - a scroll labeled TIOTOAC WAOFI A centaur comes into view.
The centaur shouts!
Unknown command.
Are you sure you want to shaft yourself?
You feel quite a bit more hungry.
The centaur wields a shortbow.
The centaur shoots a poisoned arrow.
The poisoned arrow hits you.
The centaur shoots a poisoned arrow.
The poisoned arrow barely misses you.
You begin to dig a shaft.
You continue digging a shaft.
The centaur shoots a poisoned arrow.
The poisoned arrow hits you!
Ouch! That really hurt!
* * * LOW HITPOINT WARNING * * *
You are lethally poisoned!
A shaft appears beneath you! 2 poisoned arrows fall through the shaft.
You fall through a shaft for 3 floors!
The shaft crumbles and collapses.
You die...

### ####
#..##..#
#......#
#......#
#....@.#
#..##$♣♣
# ##≈ .≈
♣P♣ ♣♣


There were no monsters in sight!

Vanquished Creatures
  A worm (D:2)
  A hobgoblin (D:1)
  2 jackals (D:2)
  A jackal skeleton (D:4)
5 creatures vanquished.

Notes
Turn   | Place    | Note
--------------------------------------------------------------
     0 | D:1      | 4thArraOfDagon the Formicid Arcane Marksman began the quest for the Orb.
     0 | D:1      | Reached XP level 1. HP: 15/15 MP: 2/2
    51 | D:2      | Reached XP level 2. HP: 12/21 MP: 3/3
    96 | D:3      | You fall through a shaft!
   199 | D:5      | Entered Level 5 of the Dungeon
   249 | D:5      | Noticed a centaur
   251 | D:5      | HP: 1/22 [centaur/poisoned arrow (11)]
   252 | D:5      | You fall through a shaft for 3 floors!
   252 | D:8      | Succumbed to a centaur's poison

Vault maps used:
D:1:      ncdulo_lavacross, nemelex_deck
D:2:      minmay_rat_gold_closets, uniq_natasha
D:3:      first_bread, ecumenical_altar_1, minmay_surrounded, uniq_jessica
D:4:      overflow_temple_1_default, uniq_edmund, uniq_menkaure
D:5:      minmay_ogre_servants
D:8:      hangedman_little_slice_of_home, serial_bayou_crossing, uniq_joseph

Skill      XL: |  1 |
---------------+----+-----
Dodging        | 2 |  2.1
Fighting       | |  1.7
Throwing       | |  2.0
Spellcasting   | |  1.1
Hexes          | |  3.6

Action                   || total
-------------------------++-------
Melee: Unarmed           ||    41
Throw: Javelin           ||     7
       Throwing net      ||     1
 Abil: Shaft Self        ||     2
       Dig               ||     1
  Use: Scroll            ||     1
 Stab: Held in net/web   ||     2
